 Dungeon Crawl Stone Soup version 0.30-a0-630-g881e3bac89 (console) character file.

Game seed: 9518003140233304175

22519 Ignak the Covert (level 13, -16/85 HPs)
             Began as an Octopode Venom Mage on Jan 13, 2023.
             Was an Elder of Sif Muna.
             Demolished by Donald
             ... wielding a +0 scimitar
              (41 damage)
             ... on level 1 of the Orcish Mines.
             The game lasted 00:45:39 (13672 turns).

Ignak the Covert (Octopode Venom Mage)             Turns: 13672, Time: 00:45:40

Health: -16/85     AC:  9    Str:  6    XL:     13   Next: 0%
Magic:  0/34       EV: 24    Int: 26    God:    Sif Muna [****..]
Gold:   1325       SH:  0    Dex: 18    Spells: 16/29 levels left

rFire   . . .      SeeInvis +    a - +2 flail (protect)
rCold   + . .      Faith    .    (no shield)
rNeg    . . .      Spirit   .    e - +2 hat {Will+}
rPois   +          Reflect  .    p - amulet of regeneration
rElec   .          Harm     .    f - +4 ring of protection
rCorr   .          Rampage  .    r - +4 ring of slaying
Will    ++...                    v - +6 ring of dexterity
Stlth   ++++++                   L - ring of willpower
HPRegen 1.14/turn                F - ring of protection from cold
MPRegen 0.24/turn                j - ring of magical power
                                 o - +5 ring of evasion
                                 s - ring of see invisible

@: very slightly contaminated, studying 2 skills
A: almost no armour, amphibious, 8 rings, camouflage 1, gelatinous body 1,
(nimble swimmer 1), tentacles, iridescent scales 1, clever 1, poison resistance
a: Renounce Religion, Channel Magic, Forget Spell, Divine Exegesis


You were on level 1 of the Orcish Mines.
You worshipped Sif Muna.
Sif Muna was greatly pleased with you.
You visited 3 branches of the dungeon, and saw 14 of its levels.
You also visited: Ice Cave.

You collected 2508 gold pieces.
You spent 1183 gold pieces at shops.

Inventory:

Hand Weapons
 a - a +2 flail of protection (weapon)
 E - the +1 whip "Oprob" {pain, rPois Will+ Dex-2}
   (You found it on level 6 of the Dungeon)

   Dex:       It affects your dexterity (-2).
   rPois:     It protects you from poison.
   Will:      It increases your willpower.
 I - a +3 short sword
Missiles
 y - 27 poisoned darts (quivered)
 C - 4 throwing nets
Armour
 e - a +2 hat of willpower (worn)
 S - a +0 tower shield of reflection
Magical Staves
 b - a staff of poison
 T - a staff of conjuration
Jewellery
 c - the ring "Xaiq" {rF+ rCorr}
   (You bought it in a shop on level 6 of the Dungeon)

   [ring of resist corrosion]

   rF:        It protects you from fire.
   rCorr:     It protects you from acid and corrosion.
 f - a +4 ring of protection (left tentacle)
 j - a ring of magical power (on tentacle)
 o - a +5 ring of evasion (on tentacle)
 p - an amulet of regeneration (around mantle)
 r - a +4 ring of slaying (right tentacle)
 s - a ring of see invisible (on tentacle)
 v - a +6 ring of dexterity (on tentacle)
 w - a ring of fire
 F - a ring of protection from cold (on tentacle)
 K - an amulet of the acrobat
 L - a ring of willpower (on tentacle)
 Q - the ring "Riurphene" {Fly rPois rC- rN+}
   (You acquired it in an ice cave)

   [ring of positive energy]

   rC:        It makes you vulnerable to cold.
   rPois:     It protects you from poison.
   rN:        It protects you from negative energy.
   Fly:       It grants you flight.
Wands
 B - a wand of mindburst (21)
 D - a wand of iceblast (33)
 G - a wand of flame (26)
 N - a wand of quicksilver (1)
Scrolls
 d - 3 scrolls of teleportation
 h - 4 scrolls of enchant weapon
 k - 3 scrolls of magic mapping
 n - a scroll of fog
 x - 2 scrolls of poison
 A - 3 scrolls of amnesia
 O - 4 scrolls of vulnerability
 P - a scroll of identify
Potions
 g - a potion of berserk rage {unknown}
 i - a potion of flight {unknown}
 l - a potion of resistance
 m - a potion of mutation
 q - 3 potions of brilliance
 u - 2 potions of magic
 z - a potion of might
 H - a potion of ambrosia
 J - a potion of curing
Miscellaneous
 R - a phial of floods (inert)


   Skills:
 + Level 6.8 Fighting
 - Level 1.0 Short Blades
 + Level 9.6 Maces & Flails
 + Level 9.8 Dodging
 - Level 11.5 Stealth
 * Level 3.3 Shields
 - Level 1.0 Unarmed Combat
 + Level 8.5 Spellcasting
 - Level 6.0 Conjurations
 - Level 1.0 Transmutations
 + Level 6.0 Air Magic
 + Level 9.0 Poison Magic


You had 16 spell levels left.
You knew the following spells:

 Your Spells              Type           Power      Damage    Failure   Level
a - Sting                 Tmut/Pois      100%       1d8       1%          1
d - Mephitic Cloud        Conj/Pois/Air  47%        N/A       1%          3
f - Arcjolt               Conj/Air       21%        1d31      13%         5
z - Olgreb's Toxic Radia  Pois           55%        N/A       1%          4

Your spell library contained the following spells:

 Spells                   Type           Power      Damage    Failure   Level
 Shock                    Conj/Air       100%       1d9       1%          1
 Poisonous Vapours        Pois/Air       100%       N/A       1%          2
 Static Discharge         Conj/Air       84%        2-6/arc   1%          2
 Swiftness                Air            42%        N/A       1%          3
 Hailstorm                Conj/Ice       26%        3d7       4%          3
 Vhi's Electric Charge    Tloc/Air       52%        N/A       4%          3
 Airstrike                Air            21%        2d(3-19)  4%          4
 Apportation              Tloc           22%        N/A       5%          1
 Freeze                   Ice            44%        1d6       5%          1
 Necrotise                Necr           44%        1d6       5%          1
 Summon Small Mammal      Summ           44%        N/A       5%          1
 Lightning Bolt           Conj/Air       21%        1d36      13%         5
 Frozen Ramparts          Ice            22%        1d4       16%         3
 Irradiate                Conj/Tmut      14%        3d16      34%         5
 Petrify                  Tmut/Erth      13%        N/A       41%         4
 Blade Hands              Tmut           8%         N/A       69%         5
 Metabolic Englaciation   Hex/Ice        5%         N/A       83%         5
 Statue Form              Tmut/Erth      8%         N/A       100%        6
 Dragon Form              Tmut           8%         N/A       100%        7


Dungeon Overview and Level Annotations

Branches:
Dungeon (11/15)            Temple (1/1) D:5            Lair (0/5) D:8
    Orc (2/2) D:11          IceCv (visited)
    Elf: Orc:2

Altars:
Ashenzari
Cheibriados
Dithmenos
Elyvilon
Fedhas
Gozag
Hepliaklqana
Kikubaaqudgha
Makhleb
Nemelex Xobeh
Okawaru
Qazlal
Ru
Sif Muna
Trog
Uskayaw
Vehumet
Wu Jian
Xom
Yredelemnul
Zin
The Shining One

Shops:
D:3 !   D:6 =   D:9 *   Orc:1 (

Annotations:
Orc:1 Donald


Innate Abilities, Weirdness & Mutations

You cannot wear most types of armour.
You are amphibious.
You can wear up to eight rings at the same time.
Your skin changes colour to match your surroundings (Stealth+).
Your rubbery body absorbs attacks. (AC +1, EV +1)
((You are camouflaged when in or above water. (Stealth+)))
You have tentacles for arms and can constrict up to eight enemies at once.
You are partially covered in iridescent scales. (AC +2)
Your mind is acute. (Int +4, Str/Dex -1)
Your system is resistant to poisons. (rPois)


Message History

Sparks fly from your tentacles!
The orc warlord looks as sick as possible!
Donald hits you with a +0 scimitar!! The orc warlord misses you.
Donald looks as sick as possible!
The orc warlord looks as sick as possible!
The orc warrior looks as sick as possible!
The orc warrior looks even sicker.
Donald mumbles some strange words.
Donald seems to grow stronger.
Donald hits you with a +0 scimitar!!!
* * * LOW HITPOINT WARNING * * *
The orc warlord misses you.
You climb upwards.
Your toxic aura wanes.
There is a stone staircase leading down here.
Press: ? - help, v - describe, . - travel
Here: an orc warlord, wielding a +0 great sword of protection and wearing a +10 plate armour of ponderousness (almost dead, extremely poisoned)
The floor.
Okay, then.
Okay, then.
Okay, then.
Casting: Arcjolt (dangerous; 13% risk of failure)
Confirm with . or Enter, or press ? or * to list all spells.
Okay, then.
Okay, then.
Okay, then.
Press: ? - help, v - describe, . - travel
Here: an orc warlord, wielding a +0 great sword of protection and wearing a +10 plate armour of ponderousness (almost dead, extremely poisoned)
The floor.
Casting: Arcjolt (dangerous; 13% risk of failure)
Confirm with . or Enter, or press ? or * to list all spells.
Aiming: Mephitic Cloud (safe; 1% risk of failure)
Press: ? - help, Shift-Dir - straight line, f - you The ball explodes into a vile cloud!
The stinking cloud engulfs you but does no damage.
The stinking cloud engulfs the orc warlord but does no damage.
The orc warlord is almost dead.
The stinking cloud engulfs Donald but does no damage.
Donald is severely wounded.
Donald hits you with a +0 scimitar!!!
You die...

##................##
#<..#...........##
##...............#
##...#..........##
###...#.....#.#....#
###.##...............#
#....................#
................☼§...#
#.#....#.......o@@..##
##############.☼.§#.##
###### #...♣...#
#....####.♣.∩.♣##
#....##.'...♣..##
#.......#.......#
#....##.+..[.).##
#....####......#
###### #.....##


You could see an orc warlord (extremely poisoned) and Donald (fast, strong,
extremely poisoned).

Vanquished Creatures
  Erolcha (D:9)
  An ogre mage (Orc:1)
  Harold (D:9)
  Erica (D:9)
  6 two-headed ogres
  A boulder beetle (Orc:1)
  2 bog bodies (IceCv)
  3 orc knights
  An ice statue (IceCv)
  A rime drake (D:8)
  2 ice devils (Orc:1)
  2 trolls
  A polar bear (D:8)
  2 hornets
  A shadow (D:11)
  3 wyverns
  17 yaks
  2 death yak simulacra (IceCv)
  3 wargs
  2 acid dragons (D:10)
  A harpy simulacrum (IceCv)
  3 hydra simulacra (IceCv)
  13 orc warriors
  9 ice beasts
  2 sky beasts (D:7)
  A black bear (D:5)
  A centaur (D:10)
  13 ogres
  3 wolves (D:8)
  4 kobold brigands
  2 bullfrogs
  2 necrophages
  A gnoll sergeant (Orc:1)
  4 scorpions
  7 two-headed ogre simulacra (IceCv)
  4 cane toad simulacra (IceCv)
  10 wights
  4 elephant simulacra (IceCv)
  3 howler monkeys
  5 hounds
  2 jellies
  7 orc priests
  Crazy Yiuf (D:3)
  A gnoll bouda (D:6)
  6 iguanas
  Ijyb (D:4)
  8 orc wizards
  A polar bear simulacrum (IceCv)
  6 spriggan simulacra (IceCv)
  2 troll simulacra (IceCv)
  2 wolf simulacra (IceCv)
  Robin (D:2)
  8 gnolls
  7 adders
  5 naga simulacra (IceCv)
  A shadow imp (D:6)
  7 white imps
  10 ufetubi
  2 worms
  2 dart slugs
  36 orcs
  6 endoplasms
  2 giant cockroaches
  11 goblins
  9 hobgoblins
  4 jackals (D:1)
  17 kobolds
  3 quokkas
  4 ball pythons
  2 bats
  4 frilled lizards
  3 rats
326 creatures vanquished.

Vanquished Creatures (others)
  A fungus (D:3)
  15 plants (D:5)
16 creatures vanquished.

Grand Total: 342 creatures vanquished

Notes
Turn   | Place    | Note
-------+----------+-------------------------------------------
     0 | D:1      | Ignak the Octopode Venom Mage began the quest for the Orb.
     0 | D:1      | Reached XP level 1. HP: 11/11 MP: 3/3
   158 | D:1      | Reached skill level 3 in Stealth
   167 | D:1      | Reached XP level 2. HP: 7/17 MP: 0/5
  1220 | D:2      | Reached XP level 3. HP: 22/22 MP: 2/6
  1226 | D:2      | Learned a level 3 spell: Mephitic Cloud
  1754 | D:2      | Noticed Robin
  1829 | D:2      | Killed Robin
  1830 | D:2      | Reached skill level 1 in Fighting
  1917 | D:2      | Reached XP level 4. HP: 28/28 MP: 4/7
  2099 | D:2      | Reached skill level 1 in Unarmed Combat
  2227 | D:3      | Reached skill level 4 in Stealth
  2311 | D:3      | Found a bloodstained altar of Trog.
  2433 | D:3      | Found a runed translucent door.
  2434 | D:3      | Noticed Crazy Yiuf
  2509 | D:3      | Found a faded altar of an unknown god.
  2655 | D:3      | Reached XP level 5. HP: 32/33 MP: 3/8
  2662 | D:3      | Learned a level 4 spell: Olgreb's Toxic Radiance
  2697 | D:3      | Found Meib's Distillery.
  3149 | D:3      | Killed Crazy Yiuf
  3150 | D:3      | Reached skill level 1 in Air Magic
  3324 | D:4      | Reached skill level 1 in Conjurations
  3620 | D:4      | Noticed an ogre
  3815 | D:4      | Reached XP level 6. HP: 38/38 MP: 4/9
  3825 | D:4      | Reached skill level 5 in Stealth
  3945 | D:4      | Reached skill level 1 in Maces & Flails
  3976 | D:4      | Reached XP level 7. HP: 44/45 MP: 7/11
  3979 | D:4      | Noticed Ijyb
  3992 | D:4      | Killed Ijyb
  4119 | D:5      | Entered Level 5 of the Dungeon
  4164 | D:5      | Reached skill level 6 in Stealth
  4185 | D:5      | Found a staircase to the Ecumenical Temple.
  4191 | Temple   | Entered the Ecumenical Temple
  4541 | D:5      | Reached XP level 8. HP: 39/51 MP: 12/12
  4602 | D:5      | Reached skill level 5 in Poison Magic
  5142 | D:6      | Reached skill level 7 in Stealth
  5197 | D:6      | Found an ornate altar of the Wu Jian Council.
  5213 | D:6      | Reached skill level 5 in Dodging
  5246 | D:6      | Found Gukewn's Jewellery Shop.
  5367 | D:6      | Found a sparkling altar of Nemelex Xobeh.
  5476 | D:6      | Reached skill level 1 in Short Blades
  5578 | D:6      | Identified the +1 whip "Oprob" {pain, rPois Will+ Dex-2}
  5663 | D:6      | Reached XP level 9. HP: 56/56 MP: 12/15
  5858 | D:7      | Reached skill level 8 in Stealth
  5990 | D:7      | Found a shimmering altar of Xom.
  6295 | D:7      | Noticed a troll
  6309 | D:7      | Killed a troll
  6310 | D:7      | Reached skill level 5 in Maces & Flails
  6310 | D:7      | Reached skill level 5 in Spellcasting
  6871 | D:8      | Noticed a hornet
  6877 | D:8      | Paralysed by a hornet for 2 turns
  6881 | D:8      | HP: 2/58 [poisoned by a hornet]
  6882 | D:8      | Paralysed by a hornet for 1 turns
  6887 | D:8      | Killed a hornet
  7036 | D:7      | Identified a scroll of acquirement
  7036 | D:7      | Acquired 1302 gold pieces
  7120 | D:6      | Bought the ring "Xaiq" {rF+ rCorr} for 374 gold pieces
  7120 | D:6      | Bought a ring of magical power for 220 gold pieces
  7120 | D:6      | Bought a +5 ring of evasion for 396 gold pieces
  7123 | D:6      | Bought a ring of see invisible for 165 gold pieces
  7235 | D:8      | Reached XP level 10. HP: 63/63 MP: 17/17
  7403 | D:8      | Found a staircase to the Lair.
  7441 | D:8      | Reached skill level 9 in Stealth
  7549 | D:8      | Learned a level 5 spell: Arcjolt
  7733 | Temple   | Became a worshipper of Sif Muna the Loreminder
  8373 | D:8      | Identified the +2 trident of the Original Sin {drain, *Rage
                  | rN++ Int+9}
  8472 | D:8      | Noticed a two-headed ogre
  8481 | D:8      | Killed a two-headed ogre
  8674 | D:9      | Noticed Harold
  8737 | D:9      | Reached XP level 11. HP: 30/70 MP: 5/20
  8739 | D:9      | Killed Harold
  8739 | D:9      | Noticed Erica
  8740 | D:9      | Reached skill level 5 in Fighting
  8930 | D:8      | Reached skill level 5 in Air Magic
  9087 | D:9      | Reached skill level 5 in Conjurations
  9101 | D:9      | Reached * piety under Sif Muna
  9104 | D:9      | Noticed Erolcha
  9250 | D:9      | Killed Erica
  9251 | D:9      | Reached skill level 10 in Stealth
  9328 | D:9      | Found a hide-covered altar of Uskayaw.
  9397 | D:9      | Killed Erolcha
  9470 | D:9      | Found a broken altar of Ashenzari.
  9547 | D:9      | Found Jeteudea's General Store.
  9560 | D:9      | Bought a scroll of identify for 28 gold pieces
  9761 | D:9      | Found a stormy altar of Qazlal.
  9823 | D:10     | Entered Level 10 of the Dungeon
  9881 | D:10     | Noticed a deep elf pyromancer
  9898 | D:10     | Noticed a manticore
  9898 | D:10     | Noticed an ogre mage
  9898 | D:10     | Noticed an entropy weaver
  9923 | D:10     | Noticed an entropy weaver
  9923 | D:10     | Noticed a manticore
  9923 | D:10     | Noticed an ogre mage
  9938 | D:10     | an entropy weaver changed into a guardian serpent
 10392 | D:10     | Noticed a two-headed ogre
 10407 | D:10     | Killed a two-headed ogre
 10566 | D:10     | Found a hazy altar of Hepliaklqana.
 10995 | D:11     | Found a staircase to the Orcish Mines.
 11000 | D:11     | Noticed an orc knight
 11012 | D:11     | Killed an orc knight
 11149 | D:11     | Noticed a two-headed ogre
 11155 | D:11     | Killed a two-headed ogre
 11156 | D:11     | Reached XP level 12. HP: 78/78 MP: 21/23
 11358 | D:11     | Noticed a two-headed ogre
 11367 | D:11     | Killed a two-headed ogre
 11367 | D:11     | Reached ** piety under Sif Muna
 11649 | Orc:1    | Entered Level 1 of the Orcish Mines
 11661 | Orc:1    | Found Gebbueg's Weapon Shop.
 11685 | Orc:1    | Found a frozen archway.
 11744 | IceCv    | Entered an ice cave
 11885 | IceCv    | Gained mutation: You are partially covered in iridescent
                  | scales. (AC +2) [potion of mutation]
 11885 | IceCv    | Gained mutation: Your system is resistant to poisons.
                  | (rPois) [potion of mutation]
 11885 | IceCv    | Gained mutation: Your mind is acute. (Int +4, Str/Dex -1)
                  | [potion of mutation]
 12089 | IceCv    | Acquired the ring "Riurphene" {Fly rPois rC- rN+}
 12244 | IceCv    | Reached *** piety under Sif Muna
 12475 | IceCv    | Reached skill level 11 in Stealth
 12971 | Orc:1    | Noticed a two-headed ogre
 12972 | Orc:1    | Noticed an ogre mage
 12976 | Orc:1    | Noticed a two-headed ogre
 12980 | Orc:1    | Killed a two-headed ogre
 12981 | Orc:1    | Reached skill level 1 in Shields
 12985 | Orc:1    | Killed a two-headed ogre
 12988 | Orc:1    | Killed an ogre mage
 12998 | Orc:1    | HP: 2/80 [orc knight/bolt (12)]
 13099 | Orc:1    | Reached **** piety under Sif Muna
 13315 | Orc:1    | Noticed a boulder beetle
 13346 | Orc:1    | Killed a boulder beetle
 13655 | Orc:2    | Entered Level 2 of the Orcish Mines
 13658 | Orc:2    | Noticed an orc warlord
 13658 | Orc:2    | Identified the +0 kite shield "Vepykywn" {*Slow rElec Str+3
                  | Slay+2}
 13658 | Orc:2    | Noticed Donald
 13668 | Orc:2    | Reached XP level 13. HP: 85/85 MP: 12/25
 13672 | Orc:1    | Demolished by Donald

Illustrated notes

Levels and vault maps discovered:
D:1:      lightli_arrival_farm, layout_basic, minmay_misc_feat_enclosed
D:2:      layout_basic, hex_large, fountainhead, minmay_fountain_box, uniq_robin
D:3:      layout_loops_ring, trog_three_pillars_becter, serial_shops,
          nicolae_lakefront_shop, shapermc_ecumenical_altar_acropolis,
          grunt_decor_resistance, small_statue_intersection,
          uniq_crazy_yiuf_cottage
D:4:      minmay_bubble_buster, layout_gridville, minmay_manual_mail, uniq_ijyb
D:5:      layout_rooms, minmay_temple_entry_gardened_gates,
          lexackson_kobold_supper
D:6:      layout_basic, kennysheep_little_box, mainiacjoe_overflow_brackets,
          serial_shops, nicolae_shop_window_shopping
D:7:      minmay_spotlight, layout_loops_ring, mainiacjoe_overflow_cross_hatched
D:8:      layout_layer_cave, hellmonk_lair_entry_icy
D:9:      layout_cave_pools, nicolae_ashenzari_panopticon,
          nicolae_qazlal_eye_of_the_storm, eat_drink_and_be_merry_uskayaw,
          serial_shops, nicolae_shop_trees, uniq_erolcha, uniq_erica,
          uniq_harold
D:10:     layout_basic, kennysheep_mini_moat, minivault_12
D:11:     layout_gridville, orc_david_3
Temple:   eino_temple_water
Orc:1:    layout_caves, enter_volcano_4, serial_shops, nicolae_shop_trees,
          portal_ice_cave_demonic_guard, rock_pile
Orc:2:    st_orc_elflike, layout_diamond_mine, uniq_donald

Skill      XL: |  1  2  3  4  5  6  7  8  9 10 11 12 |
---------------+-------------------------------------+-----
Stealth        | 3 4 5 6 7 8 9 10 11 | 11.5
Fighting       | 1 2 3 4 5 6 |  6.8
Unarmed Combat | 1 |  1.0
Poison Magic   | 4 5 6 7 8 9 |  9.0
Dodging        | 3 4 5 6 7 8 9 |  9.8
Air Magic      | 1 2 3 4 5 6 |  6.0
Conjurations   | 1 2 3 4 5 6 |  6.0
Maces & Flails | 1 2 4 5 6 8 9 |  9.6
Spellcasting   | 3 4 5 6 7 8 |  8.5
Short Blades   | 1 |  1.0
Shields        | 3 |  3.3
Transmutations | |  1.0

Action                   |  1- 3 |  4- 6 |  7- 9 | 10-12 | 13-15 || total
-------------------------+-------+-------+-------+-------+-------++-------
Melee: Unarmed           |    32 |       |       |       |       ||    32
       Tentacles         |     7 |    16 |    55 |   112 |       ||   190
       Constrict         |     8 |    19 |    29 |    37 |       ||    93
       Spear             |       |    51 |       |       |       ||    51
       Flail             |       |    21 |   166 |   350 |       ||   537
       Punch             |       |       |     3 |     9 |       ||    12
       Short sword       |       |       |     1 |       |       ||     1
Throw: Dart              |       |       |     6 |     1 |       ||     7
 Cast: Sting             |    43 |    31 |       |       |       ||    74
       Olgreb's Toxic Ra |       |     5 |    10 |    64 |       ||    79
       Mephitic Cloud    |       |     2 |     7 |    18 |     1 ||    28
       Arcjolt           |       |       |       |    26 |     1 ||    27
Evoke: Wand              |       |       |     2 |     7 |       ||     9
       Phial of floods   |       |       |       |     1 |       ||     1
  Use: Scroll            |       |     3 |    12 |     7 |       ||    22
       Potion            |       |     1 |     5 |     5 |       ||    11
 Stab: Sleeping          |     1 |    10 |    15 |    12 |       ||    38
       Confused          |       |       |     1 |     5 |       ||     6
       Distracted        |       |       |       |     2 |       ||     2
Armor: Skin              |    17 |    16 |    47 |    90 |       ||   170
Dodge: Dodged            |    33 |    50 |   126 |   412 |     4 ||   625

Table legend: (Time is in decaauts)
 A = Elapsed time spent in this place.
 B = Non-inter-level travel time spent in this place.
 C = Inter-level travel time spent in this place.
 D = Time resting spent in this place.
 E = Time spent auto-exploring this place.
 F = Levels seen in this place.
 G = Mean time per level.
                   A        B        C        D        E       F      G
               +--------+--------+--------+--------+--------+-----+--------+
         Total |  13735 |  13038 |    697 |   1375 |   6951 |  15 |  915.7 |
       Dungeon |  11552 |  10857 |    695 |   1115 |   6178 |  11 | 1050.2 |
        Temple |    165 |    164 |      1 |      0 |      0 |   1 |  165.0 |
  Orcish Mines |    889 |    889 |      0 |     76 |    422 |   2 |  444.5 |
      Ice Cave |   1129 |   1129 |      0 |    184 |    351 |   1 | 1129.0 |
               +--------+--------+--------+--------+--------+-----+--------+

Top non-repeatable levels by time:
     D:8: 1803 daAuts
     D:3: 1256 daAuts
     D:7: 1209 daAuts
   IceCv: 1129 daAuts
     D:2: 1097 daAuts
     D:1: 1095 daAuts
    D:10: 1083 daAuts
     D:6: 1063 daAuts
   Orc:1: 873 daAuts
     D:5: 805 daAuts
    D:11: 740 daAuts
     D:9: 710 daAuts
     D:4: 685 daAuts
  Temple: 165 daAuts
   Orc:2: 15 daAuts
